 Dungeon Crawl Stone Soup version 0.24-a0-282-g1a68c911f0 (webtiles) character file.

Game seed: 5847140896215643281

8 Redear the Skirmisher (level 2, 0/21 HPs)
             Began as an Octopode Fighter on May 3, 2019.
             Slain by a jackal (2 damage)
             ... on level 1 of the Dungeon.
             The game lasted 00:00:22 (142 turns).

Redear the Skirmisher (Octopode Fighter)             Turns: 142, Time: 00:00:23

Health: 0/21       AC:  1    Str: 15    XL:     2   Next: 8%
Magic:  2/2        EV: 11    Int: 10    God:
Gold:   17         SH:  8    Dex: 11    Spells: 1/1 levels left

rFire    . . .     SeeInvis .   a - +0 long sword
rCold    . . .     Gourm    .   b - +0 shield
rNeg     . . .     Faith    .   (helmet restricted)
rPois    .         Spirit   .   (no amulet)
rElec    .         Reflect  .   (no ring)
rCorr    .         Harm     .   (no ring)
MR       .....                  (no ring)
Stlth    ++........             (no ring)
HPRegen  0.07/turn              (no ring)
MPRegen  0.08/turn              (no ring)
                                (no ring)
                                (no ring)

@: no status effects
A: almost no armour, stealthy swim, amphibious, 8 rings, constrict 8, camouflage
1, gelatinous body 1
a: no special abilities


You were on level 1 of the Dungeon.
You were not hungry.

You visited 1 branch of the dungeon, and saw 1 of its levels.

You collected 17 gold pieces.

Inventory:

Hand Weapons
 a - a +0 long sword (weapon)
Armour
 b - a +0 shield (worn)
Scrolls
 d - a scroll of enchant armour {unknown}
Potions
 c - a potion of might {Str+5 DMG+1d10 | @q3}
Comestibles
 z - a ration


   Skills:
 + Level 3.1 Fighting
 + Level 2.1 Long Blades
 + Level 3.1 Dodging
 + Level 0.9 Stealth
 + Level 3.1 Shields


You had one spell level left.
You didn't know any spells.
Your spell library was empty.

Dungeon Overview and Level Annotations

Branches:
Dungeon (1/15)

Altars:


Innate Abilities, Weirdness & Mutations

You cannot wear most types of armour.
You are very stealthy in the water. (Stealth+)
You are amphibious.
You can wear up to eight rings at the same time.
You can use your tentacles to constrict eight enemies at once.
Your skin changes colour to match your surroundings (Stealth+).
Your rubbery body absorbs attacks. (AC +1, EV +1)


Message History

You block the jackal's attack.
You hit the hobgoblin. You grab the hobgoblin.
The hobgoblin is lightly wounded.
You constrict the hobgoblin. The jackal bites you.
The hobgoblin hits you with a +0 club.
* * * LOW HITPOINT WARNING * * *
The goblin barely misses you. The jackal bites you.
* * * LOW HITPOINT WARNING * * *
The hobgoblin barely misses you.
You riposte.
You hit the hobgoblin.
You kill the hobgoblin!
You block the goblin's attack.
You take 9 damage, and have 4/21 hp.
MASSIVE DAMAGE!!
You are too injured to fight recklessly!
The jackal barely misses you.
You completely miss the jackal. You grab the jackal. You squeeze the jackal.
The jackal is heavily wounded.
You constrict the jackal. The jackal bites you.
* * * LOW HITPOINT WARNING * * *
The jackal bites you.
You die...

#.............# #.............#
#. #.............#
.#.##.............####
....................#
..#.#.......#.####.##.## #
#.#.#..##.###.# #.##..# ..#
##......##.###.####.###.#..(.#
...............@...............
.....#...#..[)h####.####.....##
#......#####.....## .....#
..##.##...# #......# .....#
..........####......# #..).#
.=#.####..........###### ....#
..#.####..###............ ....#
..#.......# #...†........
..######..####...........


You could see a jackal.

Vanquished Creatures
  A hobgoblin (D:1)
  3 jackals (D:1)
  3 kobolds (D:1)
7 creatures vanquished.

Notes
Turn   | Place    | Note
-------+----------+-------------------------------------------
     0 | D:1      | Redear the Octopode Fighter began the quest for the Orb.
     0 | D:1      | Reached XP level 1. HP: 16/16 MP: 1/1
   131 | D:1      | Reached XP level 2. HP: 21/21 MP: 2/2
   142 | D:1      | HP: 2/21 [jackal (2)]
   142 | D:1      | Slain by a jackal

Levels and vault maps discovered:
D:1:      ldierk_walled_garden, layout_basic, serial_bayou_pond_d

Action                   || total
-------------------------++-------
Melee: Long sword        ||    14
       Constrict         ||     5
       Tentacles         ||     2
 Stab: Sleeping          ||     1
Armor: Skin              ||     2
Dodge: Dodged            ||     9
Block: Shield            ||     4
       Rpst.: Long sword ||     2

Table legend:
 A = Non-vault XP
 B = Vault XP
 C = Vault XP percentage of total XP
 D = Non-vault monster count
 E = Vault monster count
 F = Vault count percentage of total count
                 A         B        C        D         E       F
            +---------+---------+-------+---------+---------+-------
      Total |      12 |       0 |   0.0 |       7 |       0 |   0.0
            +---------+---------+-------+---------+---------+-------
        D:1 |      12 |       0 |   0.0 |       7 |       0 |   0.0
            +---------+---------+-------+---------+---------+-------
